 Dungeon Crawl Stone Soup version 0.21.1-1-g345015f (webtiles) character file.

64 theblackcape the Chucker (level 4, -2/34 HPs)
             Began as a Gnoll Wanderer on July 5, 2018.
             Slain by a goblin
             ... wielding a +0 dagger
             ... led by Robin
              (5 damage)
             ... on level 3 of the Dungeon.
             The game lasted 00:04:26 (1543 turns).

theblackcape the Chucker (Gnoll Wanderer)           Turns: 1543, Time: 00:04:26

Health: -2/34      AC:  7    Str: 15    XL:     4   Next: 12%
Magic:  8/8        EV: 11    Int: 13    God:
Gold:   71         SH:  0    Dex: 16    Spells: 8/8 levels left

rFire    . . .     SeeInvis .   a - +2 hand crossbow
rCold    . . .     Gourm    .   (no shield)
rNeg     . . .     Faith    .   d - +0 ring mail
rPois    .         Spirit   .   (no helmet)
rElec    .         Reflect  .   (no cloak)
rCorr    .         Harm     .   j - +0 pair of gloves
MR       .....                  l - +0 pair of boots
Stlth    +.........             (no amulet)
HPRegen  0.11/turn              (no ring)
MPRegen  0.11/turn              (no ring)

@: lethally poisoned (-2 -> -4)
A: distributed training, fangs 1, strong nose
a: no special abilities


You were on level 3 of the Dungeon.
You were not hungry.

You visited 1 branch of the dungeon, and saw 3 of its levels.

You collected 71 gold pieces.

Inventory:

Hand Weapons
 a - a +2 hand crossbow (weapon)
 c - a +0 hand axe
Missiles
 b - 16 bolts (quivered)
 g - 2 tomahawks
 h - 5 javelins
Armour
 d - a +0 ring mail (worn)
 j - a +0 pair of gloves (worn)
 l - a +0 pair of boots (worn)
Scrolls
 n - a scroll of teleportation
Potions
 e - a potion of mutation {unknown}
 i - a potion of brilliance
Comestibles
 f - a ration


   Skills:
 + Level 2.7 Fighting
 + Level 1.0 Short Blades
 + Level 1.0 Long Blades
 + Level 1.0 Axes
 + Level 1.0 Maces & Flails
 + Level 1.0 Polearms
 + Level 1.0 Staves
 + Level 1.0 Slings
 + Level 1.0 Bows
 + Level 2.7 Crossbows
 + Level 4.6 Throwing
 + Level 2.7 Armour
 + Level 1.0 Dodging
 + Level 1.0 Stealth
 + Level 1.0 Shields
 + Level 1.0 Unarmed Combat
 + Level 2.9 Spellcasting
 + Level 0.7 Conjurations
 + Level 0.7 Hexes
 + Level 0.7 Charms
 + Level 0.7 Summonings
 + Level 3.8 Necromancy
 + Level 0.7 Translocations
 + Level 0.7 Transmutations
 + Level 0.7 Fire Magic
 + Level 0.7 Ice Magic
 + Level 3.8 Air Magic
 + Level 0.7 Earth Magic
 + Level 0.7 Poison Magic
 + Level 1.1 Invocations
 + Level 1.0 Evocations


You had 8 spell levels left.
You didn't know any spells.

Dungeon Overview and Level Annotations

Branches:
Dungeon (3/15)

Altars:

Annotations:
D:2 Robin


Innate Abilities, Weirdness & Mutations

Your experience applies equally to all skills.
You have very sharp teeth.
Your uncanny sense of smell can sniff out nearby items.


Message History

You feel stronger. The goblin hits you but does no damage.
The hobgoblin barely misses you. The goblin misses you.
Firing (i - inventory. (,) - cycle):
b - 18 bolts (quivered)
Press: ? - help, Shift-Dir - straight line, f - hobgoblin
Aim: a hobgoblin (unusually strong)
You shoot a bolt. The bolt hits the hobgoblin.
The hobgoblin is moderately wounded.
You feel sick.
The hobgoblin hits you but does no damage.
The goblin hits you with a dagger.
* * * LOW HITPOINT WARNING * * *
The hobgoblin hits you but does no damage.
Firing (i - inventory. (,) - cycle):
b - 17 bolts (quivered)
Press: ? - help, Shift-Dir - straight line, f/p - hobgoblin
Aim: a hobgoblin (moderately wounded, unusually strong)
You shoot a bolt. The bolt hits the hobgoblin!
You kill the hobgoblin!
The goblin hits you with a dagger.
You die...

#### ∆ ...
.. .#
####(##..##
#((@g.....#
#.#######.#
#


You could see a goblin.

Vanquished Creatures
  2 adders
  An ooze (D:1)
  2 dart slugs (D:1)
  A giant cockroach (D:1)
  8 goblins
  6 hobgoblins
  3 kobolds (D:1)
  2 quokkas (D:2)
  4 bats
  4 frilled lizards
  4 rats
37 creatures vanquished.

Notes
Turn   | Place    | Note
-------+----------+-------------------------------------------
     0 | D:1      | theblackcape the Gnoll Wanderer began the quest for the Orb.
     0 | D:1      | theblackcape set off with: a +2 hand crossbow, 24 bolts, a +0 hand axe, a +0 ring mail, a ration
     0 | D:1      | Reached XP level 1. HP: 17/17 MP: 4/4
    78 | D:1      | Reached XP level 2. HP: 23/23 MP: 5/5
   872 | D:1      | Reached XP level 3. HP: 28/28 MP: 7/7
  1224 | D:2      | Reached skill level 1 in Invocations
  1304 | D:2      | Noticed Robin
  1320 | D:3      | Reached skill level 1 in Short Blades
  1320 | D:3      | Reached skill level 1 in Long Blades
  1320 | D:3      | Reached skill level 1 in Axes
  1320 | D:3      | Reached skill level 1 in Maces & Flails
  1320 | D:3      | Reached skill level 1 in Polearms
  1320 | D:3      | Reached skill level 1 in Staves
  1320 | D:3      | Reached skill level 1 in Slings
  1320 | D:3      | Reached skill level 1 in Bows
  1320 | D:3      | Reached skill level 1 in Dodging
  1320 | D:3      | Reached skill level 1 in Stealth
  1320 | D:3      | Reached skill level 1 in Shields
  1320 | D:3      | Reached skill level 1 in Unarmed Combat
  1320 | D:3      | Reached skill level 1 in Evocations
  1541 | D:3      | Reached XP level 4. HP: 8/34 MP: 8/8
  1543 | D:3      | Slain by a goblin

Skill      XL: |  1  2  3 |
---------------+----------+-----
Invocations    | 1 |  1.1
Short Blades   | 1 |  1.0
Long Blades    | 1 |  1.0
Axes           | 1 |  1.0
Maces & Flails | 1 |  1.0
Polearms       | 1 |  1.0
Staves         | 1 |  1.0
Slings         | 1 |  1.0
Bows           | 1 |  1.0
Dodging        | 1 |  1.0
Stealth        | 1 |  1.0
Shields        | 1 |  1.0
Unarmed Combat | 1 |  1.0
Evocations     | 1 |  1.0
Fighting       | |  2.7
Crossbows      | |  2.7
Throwing       | |  4.6
Armour         | |  2.7
Spellcasting   | |  2.9
Conjurations   | |  0.7
Hexes          | |  0.7
Charms         | |  0.7
Summonings     | |  0.7
Necromancy     | |  3.8
Translocations | |  0.7
Transmutations | |  0.7
Fire Magic     | |  0.7
Ice Magic      | |  0.7
Air Magic      | |  3.8
Earth Magic    | |  0.7
Poison Magic   | |  0.7

Action                   |  1- 3 |  4- 6 || total
-------------------------+-------+-------++-------
 Fire: Hand crossbow     |    70 |     2 ||    72
  Use: Scroll            |     5 |       ||     5
  Eat: Chunk             |     2 |       ||     2
Armor: Ring mail         |    36 |     3 ||    39
Dodge: Dodged            |    25 |     2 ||    27
